Map: Jagannatha LE

Players

EnTaroZagara - Winner!

  • Race: Zerg Zerg
  • League: Platinum

Massa

  • Race: Terran Terran
  • League: Platinum

VOD

Have the link to the VOD?

Description

Time

  • Played on: April 15, 2021, 12:39 p.m.
  • Length: 11:58
Show
View Real Time Build Order
Export as new Build Order

EnTaroZagara Zerg - Winner!

Build Orders: Hatch First, Muta Ling Bane 

Get SALT Encoding   

  12  0:00  Drone  
  13  0:12  Overlord  
  13  0:17  Drone  
  14  0:30  Drone x2  
  16  0:48  Hatchery  
  15  0:51  Drone  
  15  0:55  Drone  
  17  0:59  Drone  
  18  1:09  Extractor  
  17  1:15  Spawning Pool  
  17  1:18  Drone  
  17  1:21  Drone  
  18  1:28  Drone  
  19  1:38  Drone  
  20  1:49  Overlord  
  20  2:01  Queen  
  20  2:02  Queen  
  20  2:03  Zergling x4  
  26  2:08  Metabolic Boost  
  26  2:14  Drone  
  27  2:15  Drone  
  27  2:21  Drone  
  27  2:22  Drone  
  30  2:40  Hatchery  
  29  2:49  Queen  
  31  2:53  Drone  
  31  2:54  Drone  
  33  3:02  Lair  
  33  3:05  Drone  
  34  3:12  Drone x2  
  36  3:15  Overlord  
  36  3:20  Extractor  
  36  3:21  Drone  
  36  3:27  Overlord  
  36  3:30  Overlord  
  36  3:38  Drone x3  
  39  3:42  Drone x2  
  41  3:54  Baneling Nest  
  41  3:55  Drone x4  
  44  4:00  Drone x2  
  46  4:09  Spire  
  45  4:11  Zergling x2  
  45  4:15  Zergling x4  
  48  4:23  Zergling x8  
  52  4:33  Drone  
  52  4:36  Extractor, Drone x2  
  52  4:37  Drone  
  55  4:39  Baneling x2  
  55  4:53  Drone x2  
  55  4:55  Extractor  
  56  5:10  Drone x2  
  56  5:12  Overlord x2  
  56  5:13  Overlord  
  58  5:28  Overlord x3  
  58  5:31  Drone  
  58  5:33  Drone x8, Queen  
  69  5:37  Overlord  
  69  5:47  Mutalisk x4  
  77  5:50  Mutalisk  
  77  5:56  Mutalisk  
  81  5:59  Mutalisk x2  
  81  6:04  Drone  
  86  6:05  Evolution Chamber  
  86  6:08  Drone x4  
  89  6:18  Hatchery  
  88  6:21  Extractor  
  88  6:22  Drone x3, Mutalisk x2  
  94  6:32  Zergling x14  
  101  6:33  Zerg Melee Weapons Level 1  
  101  6:46  Drone x4  
  105  6:47  Drone x2  
  107  7:03  Centrifical Hooks  
  107  7:04  Zergling x12  
  107  7:05  Zergling x2  
  114  7:16  Overlord x3  
  114  7:20  Baneling x9  
  114  7:25  Hatchery  
  114  7:28  Hydralisk Den  
  114  7:29  Evolution Chamber  
  89  7:47  Zergling x22  
  89  7:49  Baneling x6  
  89  7:50  Overseer  
  100  7:59  Drone  
  101  8:05  Muscular Augments  
  101  8:09  Infestation Pit  
  101  8:10  Zerg Ground Armor Level 1  
  101  8:12  Hydralisk x5  
  102  8:17  Drone  
  102  8:19  Extractor, Drone x3  
  113  8:20  Queen  
  115  8:28  Zerg Missile Weapons Level 1  
  115  8:29  Hydralisk x3  
  115  8:32  Drone  
  115  8:33  Drone x5  
  127  8:35  Baneling x3  
  123  8:54  Hydralisk x6  
  123  9:01  Extractor  
  123  9:02  Drone x3, Extractor  
  123  9:03  Drone x3  
  123  9:07  Baneling x4  
  123  9:08  Baneling  
  123  9:09  Hydralisk x2  
  129  9:11  Hydralisk  
  129  9:14  Drone x4  
  135  9:17  Grooved Spines  
  135  9:22  Hive  
  135  9:24  Zergling x22  
  145  9:33  Zergling x8  
  149  9:39  Overlord x4  
  149  9:50  Overlord x3  
  149  9:51  Overlord  
  149  9:59  Hydralisk  
  149  10:00  Hydralisk x6  
  163  10:08  Hydralisk x4  
  167  10:17  Overseer x4  
  155  10:35  Hydralisk x8  
  162  10:52  Hydralisk x8  
  178  11:02  Pneumatized Carapace  
  178  11:03  Overseer x2  
  178  11:09  Hydralisk x4  
  186  11:11  Zergling x2  
  186  11:12  Zergling x14  
  191  11:22  Hydralisk x6  
  194  11:30  Hydralisk x3  
  186  11:56  Hatchery  
Show
View Real Time Build Order
Export as new Build Order

Massa Terran 

Build Orders:  

Get SALT Encoding   

  12  0:00  SCV  
  13  0:12  SCV  
  14  0:17  Supply Depot  
  14  0:24  SCV  
  15  0:39  SCV  
  15  0:40  Barracks  
  16  0:46  Refinery  
  16  0:51  SCV  
  17  1:03  SCV  
  18  1:15  SCV  
  19  1:27  SCV, Marine  
  21  1:37  Command Center  
  21  1:48  Orbital Command  
  21  1:58  Factory  
  21  2:11  Supply Depot  
  21  2:15  Barracks Reactor  
  21  2:16  SCV  
  22  2:28  SCV  
  23  2:35  Refinery  
  23  2:40  SCV  
  24  2:47  Starport  
  24  2:51  Marine x2  
  24  2:52  Orbital Command  
  26  3:09  Marine x2  
  26  3:10  Widow Mine  
  30  3:15  SCV  
  30  3:19  SCV  
  32  3:24  Medivac  
  34  3:27  SCV, Marine x2  
  34  3:31  Widow Mine  
  34  3:32  SCV  
  40  3:35  Refinery  
  40  3:39  SCV  
  41  3:44  SCV  
  41  3:48  Engineering Bay  
  42  3:50  Armory  
  42  3:51  SCV  
  42  3:53  Widow Mine, Marine  
  46  4:01  Supply Depot  
  46  4:14  Supply Depot  
  46  4:16  Supply Depot  
  46  4:17  Missile Turret  
  46  4:22  SCV, Marine x2  
  49  4:29  Starport Reactor  
  49  4:30  SCV  
  50  4:34  SCV  
  50  4:35  Factory Tech Lab  
  51  4:38  Supply Depot  
  51  4:40  Marine  
  51  4:41  Supply Depot  
  51  4:42  SCV  
  51  4:45  Barracks  
  53  4:46  SCV  
  53  4:49  Barracks  
  53  4:51  Terran Infantry Weapons Level 1  
  48  5:22  Marine x2  
  48  5:24  Siege Tank  
  48  5:25  Medivac  
  48  5:27  Medivac  
  48  5:28  SCV x2  
  59  5:39  Marine x2, Supply Depot  
  59  5:40  SCV x2  
  63  5:52  SCV  
  63  5:55  Missile Turret  
  63  5:56  Barracks Reactor, Barracks Tech Lab  
  67  5:57  Marine  
  67  6:00  Thor  
  67  6:04  SCV x2, Missile Turret  
  72  6:08  Refinery  
  73  6:13  Command Center, Medivac  
  73  6:14  Medivac  
  73  6:17  Marine x2  
  79  6:18  Marine  
  80  6:31  SCV x2  
  82  6:35  Drilling Claws  
  84  6:40  Marine x2  
  84  6:43  SCV x2  
  84  6:44  Marine x2  
  88  6:47  Factory  
  86  6:58  Marine x2  
  86  6:59  Stimpack  
  88  7:02  Marine x2  
  90  7:09  Widow Mine  
  90  7:11  Marine  
  90  7:14  SCV  
  94  7:21  Supply Depot  
  94  7:22  Supply Depot  
  94  7:23  Marine, Supply Depot  
  94  7:24  Terran Vehicle And Ship Armor Level 1  
  94  7:31  Terran Infantry Armor Level 1  
  94  7:40  Widow Mine, SCV x2, Marine x3  
  85  7:45  Supply Depot  
  85  7:47  Supply Depot  
  85  7:49  Supply Depot  
  85  7:52  SCV, Factory Reactor  
  85  7:54  Smart Servos, Medivac x2  
  90  8:02  Widow Mine  
  92  8:10  SCV x2  
  94  8:22  SCV x2  
  96  8:33  Widow Mine x2  
  100  8:34  SCV x2  
  100  8:35  Marauder, Marine x3  
  100  8:36  Marine  
  100  8:37  Planetary Fortress  
  108  8:46  SCV  
  108  8:53  Marine x4  
  108  8:54  Widow Mine  
  108  8:55  Widow Mine  
  109  8:57  Marauder  
  110  9:09  SCV x2  
  112  9:11  Marine  
  112  9:13  Widow Mine  
  112  9:15  SCV  
  112  9:16  Widow Mine x2  
  120  9:21  SCV x2  
  120  9:23  Command Center  
  122  9:24  Refinery, Missile Turret  
  122  9:26  Missile Turret  
  122  9:27  SCV  
  122  9:28  Refinery  
  123  9:33  SCV x2  
  123  9:35  Widow Mine  
  127  9:41  Widow Mine  
  127  9:42  Widow Mine, Marauder, Marine x3  
  127  9:43  Marine  
  137  9:54  Barracks  
  137  9:56  Siege Tank  
  140  10:02  Barracks  
  140  10:03  Widow Mine  
  140  10:04  Barracks, Marauder  
  140  10:06  Barracks, Engineering Bay  
  144  10:11  Sensor Tower  
  134  11:24  Marine  
  134  11:25  Marine x4  
  115  11:26  Marine  
  87  11:33  Widow Mine  
  87  11:34  Widow Mine x2  
Tags
 
Add a new tag
Caveats
  • Supply blocks, unpowered buildings, or Contaminate may cause inaccurate times.
  • Supply counts are checked every 10 seconds.